 Dungeon Crawl Stone Soup version 0.29.0-15-g675c0067aa (webtiles) character file.

Game seed: 2685291817751917896

123 MeatBomb the Trooper (level 4, -3/61 HPs)
             Began as a Minotaur Berserker on Sept 12, 2022.
             Was a Believer of Trog.
             Slain by a gnoll
             ... wielding a +0 halberd
              (7 damage)
             ... on level 3 of the Dungeon.
             The game lasted 00:10:11 (2499 turns).

MeatBomb the Trooper (Minotaur Berserker)           Turns: 2499, Time: 00:10:12

Health: -3/61      AC:  5    Str: 26    XL:     4   Next: 79%
Magic:  3/3        EV: 11    Int:  4    God:    Trog [**....]
Gold:   142        SH:  0    Dex: 10    Spells: 3/3 levels left

rFire   . . .      SeeInvis .   a - +0 hand axe
rCold   + . .      Faith    .   (no shield)
rNeg    . . .      Spirit   .   m - +0 ring mail of the Orb {-Tele rC+ Str+3}
rPois   .          Reflect  .   (helmet restricted)
rElec   .          Harm     .   (no cloak)
rCorr   .          Rampage  .   (no gloves)
Will    .....      NoTele   +   (no boots)
Stlth   ..........              h - amulet of regeneration
HPRegen 1.00/turn               (no ring)
MPRegen 0.08/turn               (no ring)

@: berserking, very quick
A: horns 2, retaliatory headbutt
a: Renounce Religion, Berserk, Trog's Hand


You were on level 3 of the Dungeon.
You worshipped Trog.
Trog was pleased with you.
You visited 1 branch of the dungeon, and saw 3 of its levels.

You collected 142 gold pieces.

Inventory:

Hand Weapons
 a - a +0 hand axe (weapon)
Missiles
 i - 12 stones
 k - 4 boomerangs (quivered)
Armour
 f - a +0 chain mail
 m - the +0 ring mail of the Orb (worn) {-Tele rC+ Str+3}
   (You found it on level 3 of the Dungeon)

   Str:       It affects your strength (+3).
   rC:        It protects you from cold.
   -Tele:     It prevents most forms of teleportation.
Jewellery
 h - an amulet of regeneration (around neck)
Scrolls
 j - a scroll of butterflies {unknown}
 l - a scroll of identify {unknown}
Potions
 b - 3 potions of curing {unknown}
 c - a potion of might {unknown}
 d - a potion of invisibility {unknown}
 e - a potion of heal wounds {unknown}
 g - 2 potions of cancellation {unknown}


   Skills:
 + Level 4.6 Fighting
 * Level 4.6 Axes
 + Level 0.4 Throwing
 + Level 3.5 Armour
 + Level 3.2 Dodging


You had 3 spell levels left.
You didn't know any spells.
Your spell library was empty.

Dungeon Overview and Level Annotations

Branches:
Dungeon (3/15)

Altars:


Innate Abilities, Weirdness & Mutations

You have a pair of horns on your head.
You reflexively headbutt those who attack you in melee.


Message History

The dart slug launches a dart at you.
The slug dart hits you but does no damage.
The gnoll closely misses you. The gnoll completely misses you.
You hit the gnoll but do no damage.
You headbutt the gnoll, but do no damage.
The gnoll is severely wounded.
The gnoll hits you from afar with a +0 spear!
The dart slug launches a dart at you. The slug dart misses you.
The gnoll closely misses you. You furiously retaliate!
You headbutt the gnoll!
You kill the gnoll!
Trog accepts your kill. The dart slug launches a dart at you.
The slug dart hits you.
You hit the dart slug but do no damage. The dart slug bites you.
The gnoll closely misses you.
You hit the dart slug. You headbutt the dart slug!
You kill the dart slug!
Trog accepts your kill.
The gnoll hits you from afar with a +0 spear.
The gnoll hits you with a +0 spear!
* * * LOW HITPOINT WARNING * * *
The gnoll barely misses you.
You hit the gnoll but do no damage. Your headbutt misses the gnoll.
The gnoll closely misses you. The gnoll hits you but does no damage.
You hit the gnoll.
The gnoll is moderately wounded.
The gnoll hits you from afar with a +0 halberd.
* * * LOW HITPOINT WARNING * * *
The gnoll misses you.
You hit the gnoll.
You headbutt the gnoll, but do no damage.
The gnoll is heavily wounded.
The gnoll misses you. The gnoll barely misses you.
A red film seems to cover your vision as you go berserk!
You feel yourself moving faster!
You feel mighty! The gnoll hits you with a +0 spear!
* * * LOW HITPOINT WARNING * * *
The gnoll hits you from afar with a +0 halberd!
You die...

#.# ########.# .......#.#
######.#.# #.#.#######
######.#.......######.
..................w..>
######..######†######.###
##..# #..@ggg..... ##.##
#.######.### #.)# ###
##.## #..### ##...###
###...## ###..# ##.###


You could see 3 gnolls.

Vanquished Creatures
  A gnoll (D:3)
  5 adders
  3 dart slugs (D:3)
  A bat (D:1)
  5 endoplasms
  4 giant cockroaches (D:1)
  7 goblins
  2 hobgoblins
  7 jackals (D:1)
  2 quokkas
  6 ball pythons
  4 frilled lizards
  8 kobolds
  6 rats
61 creatures vanquished.

Notes
Turn   | Place    | Note
-------+----------+-------------------------------------------
     0 | D:1      | MeatBomb the Minotaur Berserker began the quest for the
                  | Orb.
     0 | D:1      | Reached XP level 1. HP: 19/19 MP: 0/0
   237 | D:1      | Reached XP level 2. HP: 27/27 MP: 1/1
   396 | D:1      | Reached ** piety under Trog
   461 | D:1      | Reached XP level 3. HP: 26/33 MP: 2/2
   652 | D:1      | Found a faded altar of an unknown god.
  1512 | D:2      | Reached XP level 4. HP: 41/41 MP: 3/3
  1985 | D:3      | Identified the +0 ring mail of the Orb {-Tele rC+ Str+3}
  2499 | D:3      | Slain by a gnoll

Illustrated notes

Levels and vault maps discovered:
D:1:      dpeg_arrival_lava_altar, layout_loops_corners,
          hellmonk_ecumenical_altar_prayer_group, minmay_small_reverse_x
D:2:      layout_basic
D:3:      layout_basic

Skill      XL: |  1  2  3 |
---------------+----------+-----
Fighting       | 4 |  4.6
Axes           | 4 |  4.6
Armour         | 3 |  3.5
Dodging        | 3 |  3.2
Throwing       | |  0.4

Action                   |  1- 3 |  4- 6 || total
-------------------------+-------+-------++-------
Melee: Hand axe          |    97 |    35 ||   132
       Headbutt          |     8 |     8 ||    16
Throw: Boomerang         |       |    15 ||    15
Invok: Berserk           |       |     1 ||     1
  Use: Scroll            |     3 |       ||     3
Armor: Animal skin       |     9 |       ||     9
       Chain mail        |    18 |     8 ||    26
       Ring mail         |       |     6 ||     6
Dodge: Dodged            |    53 |    26 ||    79
